 Dungeon Crawl Stone Soup version 0.14-a0-40-g75911bd (webtiles) character file.

231 Malachi the Grave Robber (level 4, -5/33 HPs)
             Began as a Demigod Necromancer on Sept 28, 2013.
             Killed from afar by Sigmund (9 damage)
             ... with a wand of magic darts
             ... on Level 2 of the Dungeon.
             The game lasted 00:03:51 (2218 turns).

Malachi the Grave Robber (Demigod Necromancer)      Turns: 2218, Time: 00:03:52

HP  -5/33        AC  2     Str 15      XL: 4   Next: 34%
MP   3/12        EV 13     Int 20      God:
Gold 122         SH  0     Dex 17      Spells:  2 memorised,  3 levels left

Res.Fire  : . . .   See Invis. : .   i - +1,+0 elf falchion
Res.Cold  : . . .   Warding    : .   a - +0 robe
Life Prot.: . . .   Conserve   : .   (no shield)
Res.Poison: .       Res.Corr.  : .   (no helmet)
Res.Elec. : .       Clarity    : .   (no cloak)
Sust.Abil.: . .     Spirit.Shd : .   (no gloves)
Res.Mut.  : .       Stasis     : .   (no boots)
Res.Rott. : .       Flight     : .   (no amulet)
Saprovore : . . .                    (no ring)
                                     p - +3 ring of strength

@: confused, slightly resistant to hostile enchantments, very unstealthy
A: no striking features
a: no special abilities


You were on level 2 of the Dungeon.
You were very hungry.

You visited 1 branch of the dungeon, and saw 2 of its levels.

You collected 102 gold pieces.

Inventory:

Hand weapons
 i - a +1,+0 elven falchion (weapon)
Armour
 a - a +0 robe (worn)
Comestibles
 c - a bread ration
 l - a meat ration
 m - 2 chunks of jackal flesh
 o - a choko
 r - a pear
Scrolls
 d - 2 scrolls of remove curse {unknown}
 j - a scroll of random uselessness {unknown}
 k - a scroll of blinking {unknown}
Jewellery
 p - a +3 ring of strength (left hand)
Potions
 e - a potion of invisibility {unknown}
 f - a potion of flight {unknown}
 g - a potion of slowing {unknown}
 h - 2 potions of heal wounds {unknown}
 n - a potion of restore abilities {unknown}
 q - 2 potions of curing {unknown}
Books
 b - a book of Necromancy

   Spells                             Type                      Level
   *Pain                              Necromancy                   1
   Animate Skeleton                   Necromancy                   1
   Lethal Infusion                    Charms/Necromancy            2
   *Vampiric Draining                 Necromancy                   3
   Regeneration                       Charms/Necromancy            3
   Animate Dead                       Necromancy                   4
   Control Undead                     Necromancy                   4


   Skills:
 + Level 2.0 Dodging
 + Level 2.0 Stealth
 * Level 2.2 Spellcasting
 * Level 4.7 Necromancy


You had 3 spell levels left.
You knew the following spells:

 Your Spells              Type           Power        Failure   Level  Hunger
a - Pain                  Necr           ###.         2%          1    #......
b - Vampiric Draining     Necr           ###.......   10%         3    ###....


Dungeon Overview and Level Annotations

Branches:
Dungeon (2/27)

Annotations:
D:2 Sigmund


Message History

You hear a zap.
The magic dart hits you!
Casting: Vampiric Draining
Confirm with . or Enter, or press ? or * to list all spells.
Aiming: Vampiric Draining
Press: ? - help, Shift-Dir - straight line
Okay, then.
You hit it. It hits you. The rat barely misses you.
You miss it.
You hear a zap.
The magic dart hits you!
* * * LOW HITPOINT WARNING * * *
The rat completely misses you.
You slash it!
You hear some strange, mumbled words.
You are confused.
The rat barely misses you.
You hear a zap.
The magic dart hits you!
You die...

..##......# #......
.)[#.....>###........
().#........#.........
...#......#.#..........
..##......#.#..........#
###.......#)#..........#
..........#............#
.#........###..........#
..........# #...@......#
.####.....# #####r######
#≈≈≈#≈#...# l#
≈≈≈≈≈#...# ..
≈#≈#≈≈##.)# #.#
≈≈≈≈≈≈≈#.## ..
≈≈≈≈≈#≈≈.######.. .<.
≈#≈≈≈≈#≈......... ...
≈≈≈#≈≈#..######..


You could see a giant newt and a rat.

Vanquished Creatures
  2 gnolls (D:2)
  4 adders (D:2)
  A worm (D:2)
  3 giant geckos (D:2)
  2 giant cockroaches (D:2)
  6 goblins
  3 hobgoblins (D:2)
  4 jackals (D:2)
  A quokka (D:2)
  A ball python (D:2)
  10 bats
  A giant newt (D:1)
  4 kobolds
  6 rats
48 creatures vanquished.

Notes
Turn   | Place    | Note
--------------------------------------------------------------
     0 | D:1      | Malachi, the Demigod Necromancer, began the quest for the Orb.
     0 | D:1      | Reached XP level 1. HP: 14/14 MP: 5/5
   627 | D:1      | Reached XP level 2. HP: 18/20 MP: 4/6
   642 | D:1      | Reached skill level 4 in Necromancy
   960 | D:2      | Noticed Sigmund
  1162 | D:2      | Reached XP level 3. HP: 19/26 MP: 4/9
  1246 | D:1      | Learned a level 3 spell: Vampiric Draining
  1434 | D:2      | Found a burning altar of Makhleb.
  1729 | D:2      | Reached XP level 4. HP: 20/33 MP: 5/12
  2218 | D:2      | Killed from afar by Sigmund

Action                   |  1- 3 |  4- 6 || total
-------------------------+-------+-------++-------
Melee: Unarmed           |     3 |     3 ||     6
       Falchion          |       |    10 ||    10
 Cast: Pain              |    58 |    27 ||    85
       Vampiric Draining |     2 |     3 ||     5
  Use: Scroll            |       |     2 ||     2
